Map: [G8] Babylon

Players

Clem

  • Race: Terran Terran
  • Spawn Location: 5:00

Oliveira - Winner!

  • Race: Terran Terran
  • Spawn Location: 11:00

Event: Gamers8 2023

VOD

Have the link to the VOD?

Description

Time

  • Played on: Aug. 4, 2023, 12:20 p.m.
  • Length: 7:40

All games in this series

Show
View Real Time Build Order
Export as new Build Order

Clem Terran 

Build Orders:  

Get SALT Encoding   

  12  0:00  SCV  
  13  0:12  SCV  
  14  0:17  Supply Depot  
  14  0:24  SCV  
  15  0:38  SCV  
  15  0:41  Barracks  
  16  0:43  Refinery  
  16  0:50  SCV  
  16  0:53  Refinery  
  17  1:02  SCV  
  18  1:15  SCV  
  19  1:28  Orbital Command, Reaper  
  19  1:32  Supply Depot  
  20  1:42  Factory  
  20  1:53  SCV  
  21  2:00  Reaper  
  22  2:05  SCV  
  23  2:18  Command Center  
  23  2:22  SCV  
  24  2:29  Hellion  
  26  2:33  Barracks Reactor  
  26  2:34  SCV  
  27  2:42  Starport  
  27  2:47  SCV  
  27  2:50  Supply Depot  
  28  2:54  Factory Tech Lab  
  28  2:59  SCV  
  29  3:09  Marine  
  29  3:10  Marine  
  29  3:12  SCV  
  32  3:13  Cyclone  
  32  3:19  Refinery  
  35  3:25  Medivac  
  35  3:26  SCV  
  38  3:33  Orbital Command  
  38  3:36  Marine  
  38  3:38  Marine  
  38  3:40  SCV  
  41  3:48  Supply Depot  
  41  3:52  SCV  
  42  3:58  Marine x2, SCV  
  42  4:00  Factory Tech Lab  
  42  4:02  Raven  
  47  4:05  SCV  
  48  4:15  Marine x2, SCV  
  51  4:20  SCV  
  50  4:27  SCV  
  42  4:32  SCV  
  42  4:33  Marine  
  42  4:36  Siege Tank, Raven  
  44  4:39  SCV  
  44  4:44  SCV  
  44  4:47  Marine  
  44  4:51  SCV  
  46  4:56  SCV  
  47  5:02  Starport, Refinery  
  47  5:03  SCV  
  48  5:08  Siege Tank  
  48  5:09  SCV  
  52  5:15  SCV  
  52  5:18  Supply Depot  
  52  5:20  Viking  
  55  5:26  Viking  
  55  5:28  Marine  
  58  5:38  Viking  
  58  5:41  Siege Tank  
  63  5:44  Supply Depot  
  63  5:47  Marine  
  64  5:51  Viking  
  66  5:57  Viking  
  66  6:03  Supply Depot  
  68  6:05  Marine  
  68  6:09  Liberator  
  72  6:15  Supply Depot  
  72  6:19  Siege Tank  
  72  6:22  Marine  
  76  6:30  Viking  
  78  6:33  Viking  
  78  6:37  Supply Depot  
  74  6:40  Marine  
  66  6:51  SCV  
  66  6:52  Viking  
  68  6:55  Siege Tank  
  68  6:58  Marine  
  72  7:02  Viking  
  73  7:09  Viking  
  73  7:12  SCV  
  76  7:16  Marine, SCV  
  75  7:24  SCV  
Show
View Real Time Build Order
Export as new Build Order

Oliveira Terran - Winner!

Build Orders:  

Get SALT Encoding   

  12  0:00  SCV  
  13  0:12  SCV  
  14  0:17  Supply Depot  
  14  0:24  SCV  
  15  0:38  SCV  
  15  0:40  Barracks  
  16  0:44  Refinery  
  16  0:50  SCV  
  16  0:54  Refinery  
  17  1:03  SCV  
  18  1:15  SCV  
  19  1:27  Orbital Command, Reaper  
  19  1:29  Supply Depot  
  20  1:43  Factory  
  20  1:54  SCV  
  21  1:59  Reaper  
  22  2:08  SCV  
  23  2:19  Command Center  
  23  2:23  SCV  
  24  2:30  Hellion  
  24  2:32  Reaper  
  24  2:35  SCV  
  28  2:39  Supply Depot  
  28  2:47  SCV  
  29  2:52  Factory Tech Lab  
  29  2:53  Starport  
  29  2:59  SCV  
  30  3:11  SCV, Cyclone  
  34  3:13  Barracks Reactor  
  34  3:22  Refinery  
  34  3:23  SCV  
  35  3:30  Starport Tech Lab  
  35  3:35  SCV  
  36  3:43  Orbital Command  
  36  3:46  Siege Tank  
  36  3:47  SCV  
  40  3:49  Marine x2  
  42  3:59  SCV  
  42  4:01  Raven  
  42  4:02  Refinery  
  45  4:05  Supply Depot  
  45  4:09  Marine x2  
  47  4:11  SCV  
  47  4:12  SCV  
  47  4:23  Siege Tank  
  47  4:24  SCV  
  51  4:25  SCV  
  52  4:36  SCV  
  52  4:38  Starport  
  53  4:41  SCV  
  53  4:43  Marine x2  
  53  4:48  SCV  
  53  4:51  Supply Depot  
  53  4:52  Raven  
  56  4:53  SCV  
  57  5:00  SCV  
  57  5:01  Marine x2  
  57  5:05  SCV  
  57  5:07  Supply Depot  
  61  5:13  Siege Tank  
  64  5:14  Viking  
  64  5:16  SCV  
  64  5:18  SCV  
  68  5:22  Supply Depot  
  68  5:29  Supply Depot  
  68  5:31  Marine, SCV  
  68  5:32  SCV  
  71  5:37  Viking  
  71  5:40  Viking  
  75  5:45  Siege Tank  
  75  5:46  Supply Depot  
  75  5:47  Viking  
  75  5:48  SCV  
  82  5:50  SCV  
  82  5:51  Marine  
  83  6:08  Viking  
  83  6:09  Command Center  
  83  6:10  Viking  
  87  6:11  Marine  
  87  6:17  Supply Depot  
  88  6:18  Viking  
  88  6:22  Siege Tank  
  93  6:29  Marine, SCV x2  
  95  6:35  Supply Depot  
  95  6:39  Viking  
  90  6:49  Viking, Liberator  
  90  6:50  Marine  
  90  6:52  SCV  
  90  6:53  SCV  
  98  7:01  Siege Tank  
  98  7:04  SCV  
  102  7:08  Marine  
  102  7:10  Viking  
  105  7:18  SCV  
  105  7:22  Barracks x2  
Tags
 
Add a new tag
Caveats
  • Supply blocks, unpowered buildings, or Contaminate may cause inaccurate times.
  • Supply counts are checked every 10 seconds.